AoeStats
← my name is bullet

Arabia

503650476Analyzed
1v1 RM · 1mo ago on Sep 1, 2026· 54m 17s· 2 players
Game mode
Random Map
Map size
Tiny (2 player)
Population
200
Speed
Normal
Resources
Standard
Victory
Conquest
Starting age
Dark Age
Ending age
Imperial Age
RankedLock teamsTeams togetherTeam positionsShared explorationLock speedFull tech treeHidden civsTurbo modeCheats
Victory
Defeat
🇫🇷 Ethiopians · France
926
+16
🇹🇷 Saracens · Türkiye
930
-16
my name is bullet
8:21 Loom
10:38 Feudal Age
12:29 Double-Bit Axe
15:09 Padded Archer Armor
17:03 Fletching
21:38 Wheelbarrow
26:42 Castle Age
27:13 Crossbowman
27:51 Bodkin Arrow
28:20 Leather Archer Armor
30:45 Bow Saw
30:22 Horse Collar
32:34 Hand Cart
33:49 Ballistics
35:02 Thumb Ring
39:36 Heavy Plow
42:25 Imperial Age
44:09 Chemistry
42:33 Arbalester
43:15 Gold Mining
43:16 Stone Mining
44:48 Two-Man Saw
44:58 Bracer
45:28 Ring Archer Armor
Bombacı Mülayim
7:04 Loom
9:56 Feudal Age
10:51 Double-Bit Axe
19:44 Castle Age
18:22 Padded Archer Armor
19:36 Fletching
21:13 Bodkin Arrow
23:24 Elite Skirmisher
24:49 Leather Archer Armor
32:53 Scale Barding Armor
37:57 Gold Mining
38:09 Stone Mining
39:01 Town Watch
39:54 Wheelbarrow
39:39 Thumb Ring
39:52 Forging
41:10 Chain Barding Armor
44:29 Imperial Age
42:23 Hand Cart
42:29 Bow Saw
42:10 Horse Collar
43:20 Heavy Plow
44:12 Ballistics
44:32 Iron Casting
44:23 Bimaristan
45:36 Conscription
45:31 Counterweights
45:37 Bloodlines
45:28 Husbandry
46:56 Two-Man Saw
47:00 Chemistry
46:40 Ring Archer Armor
Connection lost

Rejoining the realm…

Still unreachable

The connection could not be restored.

Session expired

The server has moved on; the page needs a fresh start.